 Dungeon Crawl Stone Soup version 0.31-a0-229-g1fc7ce93e2 (webtiles) character file.

Game seed: 13515734056542729567

128 qw the Shooter (level 5, -9/30 HPs)
             Began as a Gargoyle Hexslinger on July 6, 2023.
             Mangled by a black bear (10 damage)
             ... on level 3 of the Dungeon.
             The game lasted 00:00:57 (2216 turns).

qw the Shooter (Gargoyle Hexslinger)                Turns: 2216, Time: 00:00:58

Health: -9/30      AC:  8    Str: 12    XL:     5   Next: 12%
Magic:  6/6        EV: 11    Int: 13    God:
Gold:   117        SH:  0    Dex: 14    Spells: 5/6 levels left

rFire   . . .        Y - +1 sling
rCold   . . .        (no shield)
rNeg    + . .        h - +0 leather armour
rPois   inf          (no helmet)
rElec   +            (no cloak)
rCorr   .            e - +0 pair of gloves
SInv    .            (no boots)
Will    .....        (no amulet)
Stlth   +            (no ring)
HPRegen 0.25/turn    (no ring)
MPRegen 0.10/turn

%: no passive effects
@: no status effects
A: sickness immunity, AC +4, negative energy resistance 1, electricity
resistance, torment resistance 1, petrification resistance
a: no special abilities


You were on level 3 of the Dungeon.
You visited 1 branch of the dungeon, and saw 3 of its levels.

You collected 117 gold pieces.


Innate Abilities, Weirdness & Mutations

You are immune to sickness and miasma.
Your stone body is resilient. (AC +4)
You are immune to poison.
You resist negative energy. (rN+)
You are resistant to electric shocks. (rElec)
You are resistant to unholy torment.
You are immune to petrification.


   Skills:
 - Level 2.0 Fighting
 + Level 4.8 Ranged Weapons
 - Level 1.5 Dodging
 - Level 1.0 Spellcasting
 - Level 2.6 Hexes


You had 5 spell levels left.
You knew the following spells:

 Your Spells              Type           Power      Damage    Failure   Level
a - Slow                  Hex            28%        N/A       12%         1

Your spell library contained the following spells:

 Spells                   Type           Power      Damage    Failure   Level
 Inner Flame              Hex/Fire       4%         N/A       52%         3
 Portal Projectile        Hex/Tloc       8%         N/A       52%         3
 Cause Fear               Hex            3%         N/A       75%         4

Inventory:

Hand Weapons
 Y - a +1 sling (weapon)
Armour
 e - a +0 pair of gloves (worn)
 h - a +0 leather armour (worn)
Wands
 k - a wand of digging (8)
Scrolls
 a - a scroll of vulnerability {unknown}
 j - a scroll of revelation {unknown}
 l - 3 scrolls of identify {unknown}
Potions
 b - a potion of haste {unknown}
 c - a potion of degeneration {unknown}
 d - a potion of lignification {unknown}
 f - a potion of attraction {unknown}
 g - 2 potions of heal wounds {unknown}
 i - a potion of magic {unknown}

Dungeon Overview and Level Annotations

Branches:
Dungeon (3/15)

Altars:
Makhleb

Shops:
D:1 [


Message History

The sling bullet closely misses the black bear.
The black bear bites you. The black bear claws you.
The black bear barely misses you.
You shoot a sling bullet.
The sling bullet closely misses the black bear.
The black bear bites you.
The black bear claws you but does no damage. x2
You shoot a sling bullet. The sling bullet hits the black bear!
The black bear is heavily wounded.
The black bear bites you. The black bear closely misses you.
The black bear barely misses you.
You shoot a sling bullet. The sling bullet hits the black bear.
The black bear is heavily wounded.
The black bear bites you.
The black bear claws you but does no damage. x2
You shoot a sling bullet.
The sling bullet closely misses the black bear.
The black bear bites you. The black bear closely misses you. x2
The black bear bites you but does no damage.
The black bear claws you.
The black bear claws you but does no damage.
You shoot a sling bullet. The sling bullet hits the black bear.
The black bear is severely wounded.
The black bear bites you.
The black bear claws you but does no damage. x2
You shoot a sling bullet.
The sling bullet hits the black bear but does no damage.
The black bear is severely wounded.
The black bear bites you.
The black bear claws you but does no damage.
The black bear closely misses you.
You shoot a sling bullet. The sling bullet hits the black bear!
The black bear is almost dead.
The black bear goes berserk!
You shoot a sling bullet.
The sling bullet barely misses the black bear.
The black bear bites you. The black bear barely misses you.
The black bear claws you but does no damage.
The black bear bites you!
You die...

#........'...#r......
#........#####~ยค~~~.~
#........'....~#
#........####.## ##
#........# #.# .#
#........# #.# .#
#........# #.# .#
##+####### #.# .# #@#
.# #.h# .# #.?.. ###
#...... ... #........
### #........
####.#### .#


You could see a black bear (berserk).

Vanquished Creatures
  An orc wizard (D:2)
  4 adders
  A dart slug (D:1)
  5 orcs (D:3)
  4 bats
  5 endoplasms
  4 giant cockroaches
  2 goblins
  4 hobgoblins
  7 jackals
  2 quokkas
  8 ball pythons
  3 frilled lizards
  4 kobolds
  4 rats
58 creatures vanquished.

Notes
Turn   | Place    | Note
-------+----------+-------------------------------------------
     0 | D:1      | qw the Gargoyle Hexslinger began the quest for the Orb.
     0 | D:1      | Reached XP level 1. HP: 12/12 MP: 2/2
     0 | D:1      | 0 ||| qw: Version: 0.3-a-46-gb1f654a
     0 | D:1      | 0 ||| qw: Game counter: 1418
     0 | D:1      | 0 ||| qw: Melee chars always use a shield: true
     0 | D:1      | 0 ||| qw: God list: Okawaru
     0 | D:1      | 0 ||| qw: Allow faded altars: false
     0 | D:1      | 0 ||| qw: Do Orc after clearing Dungeon:15 true
     0 | D:1      | 0 ||| qw: Do second Lair branch before Depths: true
     0 | D:1      | 0 ||| qw: Lair rune preference: random
     0 | D:1      | 0 ||| qw: Goals: Normal
     0 | D:1      | 0 ||| PLANNING D:1-11
    61 | D:1      | Reached XP level 2. HP: 13/16 MP: 3/3
   183 | D:1      | Reached skill level 3 in Ranged Weapons
   381 | D:1      | Found Noegoaz's Armour Shop.
   394 | D:1      | 394 ||| SHOPLISTING +0 ring mail (48 gold, have 32).
   428 | D:1      | Reached XP level 3. HP: 21/21 MP: 4/4
   857 | D:1      | 857 ||| UPGRADING to +0 pair of gloves.
   862 | D:1      | 862 ||| UPGRADING to +0 leather armour.
   872 | D:1      | 872 ||| DROPPING +0 robe.
   873 | D:1      | 873 ||| READING scroll labelled GUVOOCYSIE.
   874 | D:1      | 874 ||| DROPPING scroll of poison.
   935 | D:2      | Found a faded altar of an unknown god.
   981 | D:2      | Reached XP level 4. HP: 26/26 MP: 5/5
  1088 | D:2      | Reached skill level 4 in Ranged Weapons
  1703 | D:2      | 1703 ||| READING scroll labelled FAEWNI TYBOTUF.
  1704 | D:2      | 1704 ||| READING scroll labelled NOOTHY WUAKHLE.
  1766 | D:3      | 1766 ||| FLEEEEING.
  1767 | D:3      | 1767 ||| FLEEEEING.
  1768 | D:3      | 1768 ||| FLEEEEING.
  1769 | D:3      | 1769 ||| FLEEEEING.
  1770 | D:3      | 1770 ||| FLEEEEING.
  1771 | D:3      | 1771 ||| FLEEEEING.
  1772 | D:3      | 1772 ||| FLEEEEING.
  1773 | D:3      | 1773 ||| FLEEEEING.
  1774 | D:3      | 1774 ||| FLEEEEING.
  1775 | D:3      | 1775 ||| FLEEEEING.
  1776 | D:3      | 1776 ||| FLEEEEING.
  1777 | D:3      | 1777 ||| FLEEEEING.
  1778 | D:3      | 1778 ||| FLEEEEING.
  1779 | D:3      | 1779 ||| FLEEEEING.
  1780 | D:3      | 1780 ||| STAIRDANCE
  1833 | D:2      | 1833 ||| READING scroll labelled ROBIGG RAHEERIPP.
  1866 | D:3      | 1866 ||| STAIRDANCE
  1934 | D:3      | Reached XP level 5. HP: 30/30 MP: 6/6
  2040 | D:3      | Found a burning altar of Makhleb.
  2204 | D:3      | Noticed a black bear
  2212 | D:3      | HP: 6/30 [black bear (6)]
  2216 | D:3      | HP: 1/30 [black bear (2)]
  2216 | D:3      | Mangled by a black bear

Levels and vault maps discovered:
D:1:      amcnicky_arrival_blooded_trapdoor, layout_loops_ring, serial_shops,
          nicolae_shop_stone, minmay_misc_feat_ornament, minmay_vboxes
D:2:      layout_basic, shapermc_ecumenical_altar_pompeii
D:3:      layout_basic, lightli_temple_of_fire, lemuel_tele_altar,
          nicolae_vehumet_altar_sigil, uniq_grinder

Skill      XL: |  1  2  3  4 |
---------------+-------------+-----
Ranged Weapons | 3 4 |  4.8
Fighting       | 2 |  2.0
Dodging        | |  1.5
Spellcasting   | |  1.0
Hexes          | |  2.6

Action                     |  1- 3 |  4- 6 || total
---------------------------+-------+-------++-------
   Fire: Sling             |   129 |   104 ||   233
    Use: Scroll            |     1 |     3 ||     4
 Armour: Robe              |    25 |       ||    25
         Leather armour    |    19 |    43 ||    62
  Dodge: Dodged            |    74 |    51 ||   125

Table legend:
 A = Non-vault XP
 B = Vault XP
 C = Vault XP percentage of total XP
 D = Non-vault monster count
 E = Vault monster count
 F = Vault count percentage of total count
                 A         B        C        D         E       F
            +---------+---------+-------+---------+---------+-------
      Total |     176 |       8 |   4.3 |      53 |       5 |   8.6
            +---------+---------+-------+---------+---------+-------
        D:1 |      40 |       8 |  16.7 |      23 |       5 |  17.9
        D:2 |     104 |       0 |   0.0 |      22 |       0 |   0.0
        D:3 |      32 |       0 |   0.0 |       8 |       0 |   0.0
            +---------+---------+-------+---------+---------+-------
